 Dungeon Crawl Stone Soup version 0.17-a0-1528-gfee3901 (webtiles) character file.

18 maksaloota the Ruffian (level 2, -3/29 HPs)
             Began as a Troll Chaos Knight on July 15, 2015.
             Slain by Sigmund
             ... wielding a +2 scythe of freezing
              (10 damage)
             ... on level 2 of the Dungeon.
             The game lasted 00:03:39 (1023 turns).

maksaloota the Ruffian (Troll Chaos Knight)         Turns: 1023, Time: 00:03:39

Health: -3/29      AC:  7    Str: 18 (19) XL:     2   Next: 51%
Magic:  1/1        EV: 15    Int:  8      God:    Xom [...*..]
Gold:   118        SH:  0    Dex: 14      Spells: 0 memorised, 1 level left

rFire  . . .     SeeInvis .       - Unarmed
rCold  . . .     Clarity  .     a - +2 robe
rNeg   . . .     SustAt   .     (no shield)
rPois  .         Gourm    +     (helmet restricted)
rElec  .         Spirit   .     (no cloak)
rCorr  .         Warding  .     (gloves unavailable)
rMut   .         Rnd*Tele +     (boots unavailable)
MR     .....                    (no amulet)
Stlth  ++........               (no ring)
                                d - ring of teleportation

@: agile, not resistant to hostile enchantments, unstealthy
A: unfitting armour, claws 3, blurry vision 1, fast metabolism 3, gourmand,
regeneration 2, shaggy fur 1, tough skin 2
a: Renounce Religion, Evoke Teleportation


You were on level 2 of the Dungeon.
You worshipped Xom.
You were a favourite toy of Xom.
You were not hungry.

You visited 1 branch of the dungeon, and saw 2 of its levels.

You collected 118 gold pieces.

Inventory:

Armour
 a - a +2 robe (worn)
Jewellery
 d - a ring of teleportation (left claw)
Scrolls
 c - 5 scrolls of identify
 f - a scroll of enchant weapon {unknown}
 g - a scroll of random uselessness {unknown}
 h - a scroll of teleportation {unknown}
 j - a scroll of remove curse
Potions
 i - a potion of curing {unknown}
Comestibles
 b - 2 bread rations


   Skills:
 + Level 2.8 Fighting
 - Level 1.9 Dodging
 + Level 3.5 Unarmed Combat


You had one spell level left.
You didn't know any spells.

Dungeon Overview and Level Annotations

Branches:
Dungeon (2/15)

Altars:

Annotations:
D:2 Sigmund


Innate Abilities, Weirdness & Mutations

You are too large for most types of armour.
You have claws for hands.
Your metabolism is lightning-fast.
You like to eat raw meat.
You heal very quickly.
You are covered in fur (AC +1).
You have very tough skin (AC +2).
Scrolls take you a little longer to read.


Message History

Sigmund begins to bleed from his wounds!
Sigmund is lightly wounded.
Sigmund hits you with a scythe of freezing!
Sigmund freezes you.
* * * LOW HITPOINT WARNING * * *
Drink which item? (? for menu, Esc to quit)
You feel agile all of a sudden.
You closely miss Sigmund.
Sigmund is lightly wounded.
Sigmund hits you but does no damage.
You closely miss Sigmund.
Sigmund is lightly wounded.
Sigmund closely misses you.
You scratch Sigmund.
Sigmund is moderately wounded.
You scratch Sigmund.
Sigmund is heavily wounded.
Sigmund hits you with a scythe of freezing!
You die...
Xom chortles!

#>.........# ##########.
#.###.####.##
#.......... #.# #..#
#.########. #.# ##.#
#.########' ..# #.##
#.##....... ### #..#
#.##....... ##.#
#.##.......
########.#####.##.......
......@@........'.......
######.......(.##.......
#.##.####.##....... ..#
#.#.g.. ..##.......
#.##.. ..
#.#....#....... #.##.#
#.. ......#.......
#.##.# #..
.(....#....... #.##.#
##. ...... ########
#.##.#


You could see Sigmund (bleeding) and a hobgoblin (paralysed).

Vanquished Creatures
  A giant cockroach (D:1)
  3 goblins
  4 hobgoblins
  A kobold (D:1)
  A bat (D:1)
  4 giant newts
  4 rats
18 creatures vanquished.

Notes
Turn   | Place    | Note
--------------------------------------------------------------
     0 | D:1      | maksaloota the Troll Chaos Knight began the quest for the Orb.
     0 | D:1      | Reached XP level 1. HP: 22/22 MP: 0/0
   122 | D:1      | XOM: harmless Erth miscast
   169 | D:1      | XOM: divination: detect items
   210 | D:1      | XOM: stat loss: -1 Str (18/19)
   268 | D:1      | Reached XP level 2. HP: 29/29 MP: 1/1
   526 | D:1      | XOM: give mutation
   526 | D:1      | Gained mutation: Scrolls take you a little longer to read. [Xom's mischief]
   854 | D:2      | XOM: divination: detect items
   860 | D:2      | XOM: noise
  1015 | D:2      | Noticed Sigmund
  1017 | D:2      | XOM: enchant monster (good)
  1023 | D:2      | Slain by Sigmund

Vault maps used:
D:1:      dpeg_arrival_three_bigger_balls
D:2:      uniq_sigmund

Action                   || total
-------------------------++-------
Melee: Unarmed           ||    45
  Use: Scroll            ||     2
       Potion            ||     2
  Eat: Chunk             ||     3
       Bread ration      ||     1
